 Dungeon Crawl Stone Soup version 0.18-a0-1159-gf481d65 (webtiles) character file.

27 Duskembrace the Vexing (level 2, 0/19 HPs)
             Began as a Vampire Enchanter on Jan 24, 2016.
             Killed from afar by an orc wizard (5 damage)
             ... with a magic dart
             ... on level 1 of the Dungeon.
             The game lasted 00:03:05 (1151 turns).

Duskembrace the Vexing (Vampire Enchanter)          Turns: 1151, Time: 00:03:05

Health: 0/19       AC:  3    Str:  7    XL:     2   Next: 93%
Magic:  4/5        EV: 12    Int: 17    God:
Gold:   78         SH:  0    Dex: 14    Spells: 2 memorised, 2 levels left

rFire  . . .     SeeInvis +     a - +1 dagger
rCold  . . .     Gourm    .     b - +1 robe
rNeg   . . .     Faith    .     (no shield)
rPois  .         Spirit   .     (no helmet)
rElec  .         Dismiss  .     (no cloak)
rCorr  .         Reflect  .     (no gloves)
SustAt .         Harm     .     (no boots)
MR     .....                    (no amulet)
Stlth  +++.......               (no ring)
                                (no ring)

@: regenerating quickly, not resistant to hostile enchantments, fairly stealthy
A: fangs 3, see invisible, unbreathing
a: no special abilities


You were on level 1 of the Dungeon.
You were full.

You visited 1 branch of the dungeon, and saw 1 of its levels.

You collected 78 gold pieces.

Inventory:

Hand Weapons
 a - a +1 dagger (weapon)
Missiles
 e - 10 poisoned needles
Armour
 b - a +1 robe (worn)
Scrolls
 f - a scroll of random uselessness {unknown}
Potions
 d - a potion of blood
 g - a potion of curing {unknown}
Books
 c - a book of Maledictions

   Spells                             Type                      Level
   a - Corona                         Hexes                        1
   b - Ensorcelled Hibernation        Hexes/Ice                    2
   c - Confuse                        Hexes                        3
   d - Tukima's Dance                 Hexes                        3
   e - Dazzling Spray                 Conjuration/Hexes            3


   Skills:
 - Level 1.1 Short Blades
 - Level 2.1 Dodging
 + Level 5.0 Stealth
 - Level 2.0 Spellcasting
 * Level 5.6 Hexes


You had 2 spell levels left.
You knew the following spells:

 Your Spells              Type           Power        Failure   Level  Hunger
a - Corona                Hex            ###....      1%          1    #......
b - Ensorcelled Hibernat  Hex/Ice        ##....       12%         2    ###....


Dungeon Overview and Level Annotations

Branches:
Dungeon (1/15)

Altars:


Innate Abilities, Weirdness & Mutations

Your natural rate of healing is unusually fast.
You have razor-sharp teeth.
You have supernaturally acute eyesight.
You can survive without breathing.


Message History

Press: ? - help, Shift-Dir - straight line, f - orc wizard
Aim: an orc wizard, wielding a dagger of venom and wearing a robe (chance to defeat MR: 42%)
The orc wizard resists with some effort.
The orc wizard gestures at you while chanting.
You are confused.
An orc comes into view. It is wielding a hand axe.
You bump into the rock wall.
The orc wizard casts a spell at you.
You are more confused.
You bump into the rock wall.
The orc wizard completely misses you.
You bump into the rock wall.
The orc wizard closely misses you.
You bump into the rock wall.
The orc wizard gestures at you while chanting.
The puff of flame hits you!
* * * LOW HITPOINT WARNING * * *
You bump into the rock wall.
You feel less confused. The orc wizard casts a spell at you.
The magic dart hits you!
You die...

................#.#
#.#
.#.####.#.....#.#.#
#.#
o...............#.#
#.#
...####.#.#######.#
#># .### #.#.# #.#
#.# )######.#.# #.#
#.# ..........# #.#
#.#
.######.#########.#
#.# .#
#...[...oo@.# #..
## ###########.#
#.# ### ###


You could see an orc wizard and an orc.

Vanquished Creatures
  An orc (D:1)
  3 goblins (D:1)
  4 hobgoblins (D:1)
  3 jackals (D:1)
  A ball python (D:1)
  5 bats (D:1)
  A giant newt (D:1)
  2 kobolds (D:1)
  6 rats (D:1)
26 creatures vanquished.

Notes
Turn   | Place    | Note
--------------------------------------------------------------
     0 | D:1      | Duskembrace the Vampire Enchanter began the quest for the Orb.
     0 | D:1      | Reached XP level 1. HP: 13/13 MP: 3/3
   235 | D:1      | Reached skill level 5 in Hexes
   235 | D:1      | Reached XP level 2. HP: 10/19 MP: 1/5
   245 | D:1      | Learned a level 2 spell: Ensorcelled Hibernation
   986 | D:1      | Reached skill level 5 in Stealth
  1151 | D:1      | Killed from afar by an orc wizard

Vault maps used:
D:1:      dpeg_arrival_subterranean_lakeside_camping, tso_altar

Action                   || total
-------------------------++-------
Melee: Dagger            ||    64
 Cast: Corona            ||     3
       Ensorcelled Hiber ||    10
 Stab: Sleeping          ||    15
  Eat: Corpse            ||     8
